[Event "Titled Tuesday Blitz February 15 Late 2022"]
[White "Krzywda, Andrzej"]
[Black "Bok, Benjamin"]
[WhiteFideId "1114565"]
[BlackFideId "1017063"]
[WhiteElo "2458"]
[BlackElo "2838"]
[Result "0-1"]
[Round "01"]
[TimeControl "180+1"]
[Date "2022.02.16"]
[WhiteClock "0:00:41"]
[BlackClock "0:01:09"]

1. e4 c5 2. Nc3 d6 3. f4 g6 4. Nf3 Bg7 5. Bb5+ Bd7 6. Bc4 Nc6 7. O-O e6 8. f5 exf5 9. d3 Nge7 10. Bg5 O-O 11. exf5 Bxf5 12. Nd5 Kh8 13. Qe1 f6 14. Bd2 Nxd5 15. Bxd5 Qd7 16. Qg3 Rae8 17. Rae1 Be6 18. Bxe6 Rxe6 19. Rxe6 Qxe6 20. b3 Qd7 21. Nh4 Nd4 22. Qf2 Re8 23. Re1 Nxc2 24. Re4 f5 25. Rc4 Bd4 26. Rxd4 Nxd4 27. Bc3 Kg8 28. Bxd4 cxd4 29. Nf3 Qe6 30. Qxd4 Qe3+ 31. Kf1 Qxd4 32. Nxd4 a6 33. b4 Re3 0-1


[Site "https://www.chess.com"]

[Event "Titled Tuesday Blitz February 15 Late 2022"]
[White "Krzyzanowski, Marcin"]
[Black "Sliwicki, Damian"]
[WhiteFideId "1132199"]
[BlackFideId "1127128"]
[WhiteElo "2396"]
[BlackElo "2084"]
[Result "1-0"]
[Round "01"]
[TimeControl "180+1"]
[Date "2022.02.16"]
[WhiteClock "0:02:22"]
[BlackClock "0:00:04"]

1. b3 e5 2. Bb2 Nc6 3. g3 d5 4. Bg2 Nf6 5. e3 Bc5 6. Ne2 O-O 7. O-O d4 8. Na3 Bg4 9. h3 Bh5 10. Nc4 Re8 11. g4 Bxg4 12. hxg4 Nxg4 13. f3 Nh6 14. Ng3 Qh4 15. Ne4 Bb6 16. Nxb6 axb6 17. Qe1 Qh5 18. Qg3 Kh8 19. Qg5 Qxg5 20. Nxg5 Rad8 21. exd4 exd4 22. Rae1 Kg8 23. Kf2 Nb4 24. Rxe8+ Rxe8 25. Bxd4 Nxc2 26. Bc3 Nf5 27. Bh3 Nd6 28. Ne4 Nxe4+ 29. fxe4 Rxe4 30. Bf5 Rf4+ 31. Kg2 Rxf1 32. Kxf1 Na3 33. Bc8 c5 34. Bxb7 b5 35. b4 cxb4 36. Bxb4 Nc2 37. Bc3 h5 38. Bc6 b4 39. Bb2 g5 40. Be4 Na3 41. Bd3 Kf8 42. Bd4 Ke7 43. Bc5+ Ke6 44. Bxb4 f5 45. Bxa3 h4 46. Kg2 h3+ 47. Kxh3 Kd5 48. Bxf5 1-0


[Site "https://www.chess.com"]

[Event "Titled Tuesday Blitz February 15 Late 2022"]
[White "Ladan, Nicholas"]
[Black "Mikhailov, Viacheslav"]
[WhiteFideId "30918855"]
[BlackFideId "4187369"]
[WhiteElo "2341"]
[BlackElo "2381"]
[Result "0-1"]
[Round "01"]
[TimeControl "180+1"]
[Date "2022.02.16"]
[WhiteClock "0:00:24"]
[BlackClock "0:01:18"]

1. d4 Nf6 2. c4 g6 3. g3 Bg7 4. Nf3 O-O 5. Bg2 d6 6. O-O Nc6 7. Nc3 Bf5 8. h3 Ne4 9. Nd5 Nf6 10. Nc3 e5 11. Re1 Ne4 12. Nxe4 Bxe4 13. d5 Na5 14. b3 Bxf3 15. exf3 c6 16. Bb2 cxd5 17. cxd5 Qb6 18. Qd2 Qa6 19. Bf1 b5 20. Qb4 Rab8 21. a4 Nb7 22. axb5 Qb6 23. Ra6 Qc5 24. Qxc5 Nxc5 25. Rxa7 Nxb3 26. Ba3 Rfd8 27. Ra6 Nd4 28. Rxd6 Nxf3+ 29. Kh1 Nxe1 30. Rc6 Nf3 31. d6 Nd4 32. Rc5 Rxd6 33. Bc4 Rd7 34. b6 Bf8 35. Rc7 Rxc7 36. bxc7 Rc8 0-1


[Site "https://www.chess.com"]

[Event "Titled Tuesday Blitz February 15 Late 2022"]
[White "Lavrik, Dmitry"]
[Black "Srebrnic, Marko"]
[WhiteFideId "24113190"]
[BlackFideId "14603616"]
[WhiteElo "2369"]
[BlackElo "2340"]
[Result "0-1"]
[Round "01"]
[TimeControl "180+1"]
[Date "2022.02.16"]
[WhiteClock "0:00:13"]
[BlackClock "0:01:04"]

1. e4 c5 2. g3 Nc6 3. Bg2 g6 4. d3 Bg7 5. f4 Rb8 6. Nf3 e6 7. O-O Nge7 8. c3 O-O 9. Be3 b6 10. Nbd2 d6 11. h3 Ba6 12. Qc2 d5 13. exd5 Nxd5 14. Bf2 Nde7 15. Nc4 Qc7 16. a4 Rbd8 17. Rad1 h5 18. Rfe1 Rd7 19. Nfe5 Nxe5 20. Nxe5 Bxe5 21. Rxe5 Nc6 22. Rg5 Ne7 23. Be4 f5 24. Bf3 Bb7 25. Bxh5 Kf7 26. Qe2 Qc6 27. Kf1 Rh8 28. Bxg6+ Nxg6 29. h4 Qh1+ 30. Bg1 Qf3+ 31. Qxf3 Bxf3 32. Rd2 Nf8 33. d4 Nh7 0-1


[Site "https://www.chess.com"]

[Event "Titled Tuesday Blitz February 15 Late 2022"]
[White "Le Goff, Ronan"]
[Black "Grigoriants, Sergey"]
[WhiteFideId "612073"]
[BlackFideId "4130804"]
[WhiteElo "2276"]
[BlackElo "2502"]
[Result "0-1"]
[Round "01"]
[TimeControl "180+1"]
[Date "2022.02.15"]
[WhiteClock "0:00:15"]
[BlackClock "0:00:04"]

1. d4 Nf6 2. Nc3 d5 3. Bf4 a6 4. e4 dxe4 5. f3 exf3 6. Nxf3 g6 7. Bc4 Bg7 8. O-O O-O 9. Ne5 Nc6 10. Nxc6 bxc6 11. Be5 Bf5 12. Qf3 Qd7 13. Bb3 Ng4 14. Bxg7 Kxg7 15. Rad1 Nf6 16. h3 a5 17. Ba4 Rab8 18. Bxc6 Qd6 19. b3 Bxc2 20. Rd2 Bf5 21. g4 Bd7 22. Bxd7 Qxd7 23. g5 Nh5 24. Ne4 Qd5 25. h4 Rbd8 26. Re1 f5 27. gxf6+ Rxf6 28. Qg2 Re6 29. Rdd1 Nf6 30. Nf2 Rxe1+ 31. Rxe1 Qxg2+ 32. Kxg2 Kf7 33. Rc1 Rxd4 34. Rxc7 Rxh4 35. Ra7 a4 36. bxa4 h5 37. a5 Ra4 38. a6 Rxa2 39. Kf3 g5 40. Nd3 Ra3 41. Ke2 Nd5 42. Ne5+ Ke6 43. Nc6 h4 44. Ra8 h3 45. a7 h2 46. Rh8 Kd6 47. Nd4 Kc5 48. Nf3 Rxa7 49. Nxh2 Ra3 50. Nf3 Nf4+ 51. Kf2 Ne6 52. Rh5 Kd6 53. Nxg5 Nxg5 54. Rxg5 e5 55. Ke2 Kd5 56. Rg8 Ke4 57. Rg4+ Kf5 58. Rg8 Kf4 59. Rb8 Ra2+ 60. Ke1 e4 61. Rc8 Ra3 62. Ke2 Ra2+ 63. Ke1 Ke3 64. Rc3+ Kd4 65. Rc8 Kd3 66. Re8 Ke3 67. Kf1 Ra1+ 68. Kg2 Re1 69. Rd8 Ke2 70. Rd7 e3 71. Rd8 Rd1 72. Re8 Kd2 73. Rd8+ Ke1 74. Re8 e2 75. Re3 Kd2 0-1


[Site "https://www.chess.com"]

[Event "Titled Tuesday Blitz February 15 Late 2022"]
[White "Levine, David"]
[Black "Kim, Sergey"]
[WhiteFideId "2011611"]
[BlackFideId "13700570"]
[WhiteElo "2148"]
[BlackElo "2605"]
[Result "0-1"]
[Round "01"]
[TimeControl "180+1"]
[Date "2022.02.16"]
[WhiteClock "0:00:01"]
[BlackClock "0:00:45"]

1. d4 Nf6 2. c4 g6 3. g3 Bg7 4. Bg2 O-O 5. Nf3 d6 6. O-O Nbd7 7. Nc3 e5 8. e4 exd4 9. Nxd4 Re8 10. Qc2 Nc5 11. Rd1 c6 12. b4 Ne6 13. Nde2 Qb6 14. Rb1 Ng4 15. Nf4 Ne5 16. Nce2 Qc7 17. h3 Ng5 18. Kh2 Nef3+ 19. Kh1 Ne5 20. h4 Ne6 21. c5 dxc5 22. bxc5 Nxf4 23. Nxf4 Bg4 24. Rd6 Rad8 25. Ba3 b6 26. Rxd8 Rxd8 27. cxb6 axb6 28. Qb3 b5 29. f3 Bc8 30. Rd1 Nc4 31. Bc5 Ne5 32. Ba3 Qa5 33. Rxd8+ Qxd8 34. Qc2 Qd4 35. Bc5 Qa1+ 36. Kh2 h5 37. Ne2 Be6 38. Nd4 Qxa2 39. Qxa2 Bxa2 40. f4 Nd3 41. Bb6 b4 42. Bf1 c5 43. Bxd3 Bxd4 44. e5 b3 45. e6 fxe6 0-1


[Site "https://www.chess.com"]

[Event "Titled Tuesday Blitz February 15 Late 2022"]
[White "Martinez Alcantara, Jose Eduardo"]
[Black "Martin Duque, Jesus"]
[WhiteFideId "3805662"]
[BlackFideId "2208954"]
[WhiteElo "2690"]
[BlackElo "2243"]
[Result "1-0"]
[Round "01"]
[TimeControl "180+1"]
[Date "2022.02.15"]
[WhiteClock "0:00:22"]
[BlackClock "0:00:01"]

1. e4 c5 2. Nf3 e6 3. c3 Nf6 4. Bd3 b6 5. O-O Bb7 6. Re1 Be7 7. Bc2 d5 8. e5 Nfd7 9. d4 g5 10. Be3 g4 11. Nfd2 h5 12. Nf1 Nc6 13. a3 Rc8 14. b4 cxd4 15. cxd4 Bg5 16. Qd2 Bxe3 17. fxe3 h4 18. Nc3 Qg5 19. Nb5 Ke7 20. Nd6 Rc7 21. b5 Nxd4 22. Qxd4 Rxc2 23. Nxb7 Nxe5 24. Qb4+ Kf6 25. Rec1 Nf3+ 26. Kh1 Rf2 27. Rc7 h3 28. Qe7+ Kg6 29. Qxf7+ Kh6 30. Qxe6+ Kh5 31. gxf3 gxf3 32. Qxh3+ Kg6 33. Qe6+ Kh5 34. Qf7+ 1-0


[Site "https://www.chess.com"]

[Event "Titled Tuesday Blitz February 15 Late 2022"]
[White "Michelakos, Panagiotis"]
[Black "Prohorov, Olexandr"]
[WhiteFideId "4216067"]
[BlackFideId "14105578"]
[WhiteElo "2140"]
[BlackElo "1993"]
[Result "1-0"]
[Round "01"]
[TimeControl "180+1"]
[Date "2022.02.16"]
[WhiteClock "0:00:32"]
[BlackClock "0:00:53"]

1. d4 g6 2. g3 Bg7 3. Bg2 f5 4. Nc3 Nf6 5. Bg5 O-O 6. Bxf6 Bxf6 7. e4 fxe4 8. Nxe4 Bg7 9. c3 Nc6 10. Nf3 d5 11. Nc5 Bg4 12. h3 Bxf3 13. Bxf3 e5 14. Ne6 Qf6 15. Nxf8 Rxf8 16. Bxd5+ Kh8 17. O-O exd4 18. Bg2 dxc3 19. bxc3 Qxc3 20. Rc1 Qb2 21. Bxc6 bxc6 22. Rc2 Qb6 23. Rd2 c5 24. Rd8 Qf6 25. Rxf8+ Qxf8 26. Qd7 Bd4 27. Qxc7 Qf3 28. a4 Qd3 29. Re1 Bxf2+ 30. Kxf2 Qd2+ 31. Re2 Qd4+ 32. Kg2 Qd5+ 33. Kh2 1-0


[Site "https://www.chess.com"]

[Event "Titled Tuesday Blitz February 15 Late 2022"]
[White "Milosevic, Milos"]
[Black "Savchenko, Boris"]
[WhiteFideId "964875"]
[BlackFideId "4147332"]
[WhiteElo "2198"]
[BlackElo "2512"]
[Result "1-0"]
[Round "01"]
[TimeControl "180+1"]
[Date "2022.02.15"]
[WhiteClock "0:00:13"]
[BlackClock "0:00:05"]

1. e4 c5 2. Nc3 g6 3. f4 d6 4. Nf3 Bg7 5. Bb5+ Bd7 6. a4 Nc6 7. O-O e6 8. d3 Nge7 9. f5 gxf5 10. Bg5 f6 11. Be3 O-O 12. Nh4 fxe4 13. dxe4 a6 14. Bc4 Ne5 15. Ba2 Qc7 16. Qh5 Kh8 17. Ne2 N7g6 18. Nxg6+ Nxg6 19. Rf3 e5 20. Rg3 Bxa4 21. Rh3 Bh6 22. Bxh6 Rfd8 23. Rf1 Qe7 24. Nc3 Bc6 25. Nd5 Bxd5 26. Bxd5 Rd7 27. Bg5 fxg5 28. Qxg6 Qg7 29. Qe6 Rad8 30. Rhf3 Re7 31. Qg4 b5 32. Rf7 Rxf7 33. Rxf7 Qg6 34. Rf5 h6 35. Bf7 Qg7 36. Qh5 Rf8 37. Be6 c4 38. Rxf8+ Qxf8 39. Qg6 a5 40. Bf5 Qe7 41. Be6 Qf8 42. Bf7 a4 43. Qf6+ Kh7 44. Bg6+ Kg8 45. Qe6+ Kg7 46. Bf5 Kh8 47. Qd7 Qg8 48. Qxb5 Kg7 49. Qd7+ Kf6 50. Qxd6+ Kg7 51. Qxe5+ Kf8 52. Qb8+ Kg7 53. Qxg8+ Kxg8 54. Be6+ Kg7 55. Bxc4 Kf6 56. Bb5 Ke5 57. Bxa4 Kxe4 58. Bc6+ Kd4 59. b4 1-0


[Site "https://www.chess.com"]

[Event "Titled Tuesday Blitz February 15 Late 2022"]
[White "Mirzoev, Azer"]
[Black "Balint, Vilmos"]
[WhiteFideId "13400304"]
[BlackFideId "718050"]
[WhiteElo "2525"]
[BlackElo "2059"]
[Result "1-0"]
[Round "01"]
[TimeControl "180+1"]
[Date "2022.02.16"]
[WhiteClock "0:01:13"]
[BlackClock "0:01:10"]

1. c4 f5 2. Nc3 Nf6 3. b4 g6 4. Bb2 Bg7 5. Nd5 c6 6. Nxf6+ Bxf6 7. Bxf6 exf6 8. e3 a5 9. b5 O-O 10. Nf3 d6 11. Be2 c5 12. O-O b6 13. d4 Bb7 14. g3 Qe7 15. Qd2 Nd7 16. Rad1 Rfd8 17. Rfe1 Nf8 18. Qc3 Be4 19. Nd2 Bb7 20. Bf1 Ne6 21. h4 Rac8 22. Qb2 Qf7 23. d5 Ng7 24. e4 Re8 25. Bh3 Re7 26. exf5 gxf5 27. Rxe7 Qxe7 28. Nf3 Qe4 29. Qc3 f4 30. Bxc8 Bxc8 31. Re1 Qg6 32. Kh2 Nh5 33. Ng1 Bd7 34. Qf3 Bg4 35. Qe4 Bf5 36. Qe8+ Qxe8 37. Rxe8+ Kf7 38. Rb8 Bd3 39. Rxb6 fxg3+ 40. fxg3 Bxc4 41. a4 Bxd5 42. Rxd6 Bb3 43. b6 1-0


[Site "https://www.chess.com"]

[Event "Titled Tuesday Blitz February 15 Late 2022"]
[White "Miszler, Levente"]
[Black "Kaasen, Tor Fredrik"]
[WhiteFideId "763276"]
[BlackFideId "1516647"]
[WhiteElo "1966"]
[BlackElo "2335"]
[Result "0-1"]
[Round "01"]
[TimeControl "180+1"]
[Date "2022.02.16"]
[WhiteClock "0:01:34"]
[BlackClock "0:01:49"]

1. d4 Nf6 2. Nf3 d5 3. c4 e6 4. Nc3 Be7 5. Bf4 O-O 6. e3 Nbd7 7. Qc2 c5 8. cxd5 Nxd5 9. Nxd5 exd5 10. Bd3 h6 11. O-O c4 12. Be2 b5 13. b3 Bb7 14. Ne5 Nxe5 15. Bxe5 Rc8 16. a4 b4 17. Rac1 c3 18. Bd3 Bd6 19. Bxd6 Qxd6 20. Rfe1 a5 21. e4 dxe4 22. Bxe4 Bxe4 23. Rxe4 Rfe8 24. Rce1 Rxe4 25. Rxe4 Qd5 26. f3 f5 27. Rf4 g6 28. g4 Qd6 29. Qc1 c2 30. gxf5 Qxf4 31. Qxf4 c1=Q+ 32. Qxc1 Rxc1+ 0-1


[Site "https://www.chess.com"]

[Event "Titled Tuesday Blitz February 15 Late 2022"]
[White "Mogranzini, Roberto"]
[Black "Hess, Robert"]
[WhiteFideId "810894"]
[BlackFideId "2022036"]
[WhiteElo "2444"]
[BlackElo "2825"]
[Result "0-1"]
[Round "01"]
[TimeControl "180+1"]
[Date "2022.02.16"]
[WhiteClock "0:00:21"]
[BlackClock "0:00:11"]

1. e4 g6 2. d4 Bg7 3. Nc3 a6 4. Be3 d6 5. Qd2 e6 6. f3 h6 7. h4 Nd7 8. Nge2 b5 9. g4 Bb7 10. Ng3 Ne7 11. a3 Nb6 12. f4 d5 13. e5 Nc4 14. Qc1 Nxe3 15. Qxe3 c5 16. Nce2 Nc6 17. h5 cxd4 18. Nxd4 g5 19. f5 Nxd4 20. Qxd4 Qc7 21. f6 Bxf6 22. exf6 Qxg3+ 23. Kd1 O-O 24. Rg1 Qd6 25. a4 Bc6 26. Ra3 e5 27. Qf2 b4 28. Re3 d4 29. Re1 e4 30. Kc1 b3 31. Qf5 Bd7 32. Qa5 Rac8 33. Rg2 Qxf6 34. Qb4 Qf4+ 35. Kb1 bxc2+ 36. Rxc2 Rxc2 37. Kxc2 d3+ 38. Kb1 d2 39. Rd1 e3 40. Be2 Qxb4 0-1


[Site "https://www.chess.com"]

[Event "Titled Tuesday Blitz February 15 Late 2022"]
[White "Moiseenko, Alexander"]
[Black "Polanco Nunez, Yoel Estarling"]
[WhiteFideId "14102560"]
[BlackFideId "6401783"]
[WhiteElo "2577"]
[BlackElo "2132"]
[Result "1-0"]
[Round "01"]
[TimeControl "180+1"]
[Date "2022.02.16"]
[WhiteClock "0:00:43"]
[BlackClock "0:00:07"]

1. d4 Nf6 2. Bg5 d5 3. Bxf6 exf6 4. e3 Bd6 5. c4 dxc4 6. Bxc4 O-O 7. Nc3 Nd7 8. Qc2 c6 9. Nf3 Qe7 10. O-O-O Re8 11. h3 Nf8 12. Kb1 Be6 13. Bxe6 fxe6 14. Ne4 Nd7 15. g4 a5 16. Rhg1 a4 17. a3 Nb6 18. g5 f5 19. Nf6+ Kh8 20. Nxe8 Rxe8 21. Ne5 Ra8 22. g6 Nd5 23. Nf7+ Kg8 24. e4 fxe4 25. Qxe4 hxg6 26. Nxd6 Qxd6 27. Rxg6 Ra6 28. Rdg1 Nc3+ 29. bxc3 Rb6+ 30. Kc2 1-0


[Site "https://www.chess.com"]

[Event "Titled Tuesday Blitz February 15 Late 2022"]
[White "Moral Garcia, Serafin"]
[Black "Cori T., Deysi"]
[WhiteFideId "2201925"]
[BlackFideId "3801934"]
[WhiteElo "2228"]
[BlackElo "2350"]
[Result "0-1"]
[Round "01"]
[TimeControl "180+1"]
[Date "2022.02.16"]
[WhiteClock "0:00:12"]
[BlackClock "0:00:04"]

1. c4 g6 2. Nc3 Bg7 3. d3 d6 4. g3 f5 5. Bg2 Nf6 6. Nf3 c6 7. O-O O-O 8. Rb1 e5 9. Bd2 Qe7 10. b4 h6 11. Ne1 Kh7 12. Nc2 Be6 13. b5 e4 14. bxc6 Nxc6 15. dxe4 fxe4 16. Ne3 Qf7 17. Ned5 Ne5 18. Nxf6+ Bxf6 19. Nxe4 Rab8 20. Nxd6 Qg7 21. Nxb7 Nxc4 22. Bf4 Be5 23. Bxe5 Qxe5 24. Qa4 Rf7 25. Rfd1 Rbf8 26. Bf3 Nb2 27. Qd4 Qxd4 28. Rxd4 Nc4 29. Nd6 Nxd6 30. Rxd6 Bxa2 31. Ra1 Bc4 32. Rad1 a6 33. Rd7 Kg7 34. Rxf7+ Rxf7 35. Rc1 Bb5 36. Kg2 Re7 37. e3 Bd3 38. Ra1 Rf7 39. Bd1 Be4+ 40. f3 Bd3 41. e4 Rb7 42. Ra3 Rb2+ 43. Kg1 Bb5 44. Ra1 Rd2 45. Ba4 Be2 46. Kf2 Bc4+ 47. Ke3 Rxh2 48. Rc1 Bb5 49. Bxb5 axb5 50. Rb1 h5 51. Rxb5 Rg2 52. Kf4 Kh6 53. e5 Re2 54. Rb6 Re1 55. e6 Kg7 56. Kg5 Re5+ 57. Kh4 Kf6 58. f4 Re1 59. e7+ Kf5 60. Rb7 Rh1# 0-1


[Site "https://www.chess.com"]

[Event "Titled Tuesday Blitz February 15 Late 2022"]
[White "Nilsson, Joakim"]
[Black "Szpar, Milosz"]
[WhiteFideId "1723383"]
[BlackFideId "1184989"]
[WhiteElo "2207"]
[BlackElo "2447"]
[Result "1/2-1/2"]
[Round "01"]
[TimeControl "180+1"]
[Date "2022.02.16"]
[WhiteClock "0:00:24"]
[BlackClock "0:00:05"]

1. d4 Nf6 2. Nf3 d5 3. c4 e6 4. Nc3 h6 5. Bf4 dxc4 6. e3 Nd5 7. Bxc4 Nxf4 8. exf4 Bd6 9. g3 O-O 10. O-O b6 11. Qe2 Bb7 12. Rad1 Nd7 13. Ne5 Nf6 14. Rfe1 a6 15. a3 b5 16. Ba2 c6 17. Bb1 Qc7 18. Qc2 c5 19. Ng4 Rfe8 20. Nxf6+ gxf6 21. Qh7+ Kf8 22. Qxh6+ Ke7 23. d5 Rh8 24. Qg7 e5 25. fxe5 fxe5 26. Ne4 Rag8 27. Qf6+ Kd7 28. Nxd6 Qxd6 29. Qxf7+ Kc8 30. Qe6+ Qxe6 31. dxe6 Rxh2 32. Be4 Rgh8 33. Bxb7+ Kxb7 34. e7 Rh1+ 35. Kg2 R1h2+ 36. Kf3 Re8 37. Rd7+ Kc6 38. Red1 b4 39. a4 Rh6 40. Ke4 Re6 41. R1d5 R8xe7 42. Rxe7 Rxe7 43. Rxe5 Rg7 44. Re6+ Kb7 45. Kd5 Rf7 46. f4 Rg7 47. Re3 Kb6 48. Re6+ Ka5 49. Re3 Kxa4 50. Kxc5 a5 51. b3+ Ka3 52. Kb6 a4 53. bxa4+ Kxa4 54. f5 b3 55. Re4+ Ka3 56. g4 b2 57. Re3+ Kb4 58. Re4+ Kc3 59. Re3+ Kc4 60. Re4+ Kc3 61. Re3+ Kd2 62. Rb3 Kc2 63. Rxb2+ Kxb2 64. Kc5 Kc3 65. Kd6 Kd4 66. Ke6 Rxg4 67. f6 Re4+ 68. Kd7 Rf4 69. Ke7 Re4+ 70. Kd7 Ke5 71. f7 Rd4+ 72. Ke7 Ra4 73. f8=Q Ra7+ 74. Ke8 Ra8+ 75. Kf7 Rxf8+ 76. Kxf8 1/2-1/2


[Site "https://www.chess.com"]

[Event "Titled Tuesday Blitz February 15 Late 2022"]
[White "Novikova, Galina"]
[Black "Wieczorek, Oskar"]
[WhiteFideId "4157095"]
[BlackFideId "1133950"]
[WhiteElo "1863"]
[BlackElo "2319"]
[Result "0-1"]
[Round "01"]
[TimeControl "180+1"]
[Date "2022.02.16"]
[WhiteClock "0:01:10"]
[BlackClock "0:00:52"]

1. e4 c5 2. Nf3 g6 3. d4 cxd4 4. Nxd4 Nc6 5. Nc3 Bg7 6. Be3 Nf6 7. Nxc6 bxc6 8. e5 Ng8 9. Bd4 Nh6 10. e6 O-O 11. Bxg7 Kxg7 12. exd7 Qxd7 13. Qxd7 Bxd7 14. O-O-O Be6 15. f3 Nf5 16. Ba6 Rad8 17. Rhe1 h5 18. a4 h4 19. b3 h3 20. g3 Rxd1+ 21. Rxd1 Ne3 22. Rd2 g5 23. Ne4 g4 24. fxg4 Bxg4 25. Bb7 Bf3 26. Ng5 Bg2 27. Ba6 Kg6 28. Nxh3 Bxh3 29. Rd7 Bxd7 0-1


[Site "https://www.chess.com"]

[Event "Titled Tuesday Blitz February 15 Late 2022"]
[White "Ozdemir, Serhan Berat"]
[Black "Gledura, Benjamin"]
[WhiteFideId "6374611"]
[BlackFideId "712779"]
[WhiteElo "1920"]
[BlackElo "2326"]
[Result "0-1"]
[Round "01"]
[TimeControl "180+1"]
[Date "2022.02.16"]
[WhiteClock "0:00:02"]
[BlackClock "0:00:57"]

1. e4 c5 2. Nf3 Nc6 3. Bb5 g6 4. Bxc6 dxc6 5. O-O Bg7 6. h3 Nf6 7. d3 Nd7 8. Nbd2 Nf8 9. a3 Ne6 10. Rb1 a5 11. a4 O-O 12. b3 Nd4 13. Bb2 e5 14. Nc4 f6 15. Bc3 b5 16. Ne3 Be6 17. Nh2 h5 18. Qd2 Bh6 19. Rbc1 f5 20. exf5 gxf5 21. Rfe1 Kh7 22. Qd1 Qg5 23. Nf3 Qg7 24. Bd2 Rg8 25. g3 f4 26. Nf1 Bxh3 27. Nxd4 cxd4 28. Qxh5 Bxf1 29. Kxf1 Rae8 0-1


[Site "https://www.chess.com"]

[Event "Titled Tuesday Blitz February 15 Late 2022"]
[White "Papasimakopoulos, Alexandros"]
[Black "Peatman, Carter"]
[WhiteFideId "4244125"]
[BlackFideId "2096480"]
[WhiteElo "2340"]
[BlackElo "2382"]
[Result "1-0"]
[Round "01"]
[TimeControl "180+1"]
[Date "2022.02.16"]
[WhiteClock "0:00:09"]
[BlackClock "0:00:21"]

1. d4 d5 2. c4 dxc4 3. Nf3 a6 4. e3 b5 5. a4 Bb7 6. b3 Nf6 7. bxc4 bxc4 8. Bxc4 e6 9. O-O Nbd7 10. Nc3 Be7 11. Ba3 O-O 12. Bxe7 Qxe7 13. Rb1 Rab8 14. Qe2 Qd6 15. Rfc1 c5 16. Rd1 Qc7 17. Bxa6 Bxa6 18. Qxa6 Rxb1 19. Nxb1 cxd4 20. Nxd4 Ne5 21. h3 Nd5 22. Na3 Qc3 23. Nab5 Qb2 24. Nd6 Nc3 25. Rf1 Qa2 26. a5 h6 27. Qa7 Nd3 28. N6b5 Ne4 29. f3 Ng3 30. Rd1 Qf2+ 31. Kh2 Nf1+ 32. Rxf1 Qxf1 33. Qc7 Qe1 34. e4 Qxa5 35. Qxa5 Nc5 36. Qc3 Nd7 37. Nc6 Nf6 38. Ne7+ Kh7 39. Nd6 Nh5 40. e5 Nf4 41. Qd2 Ng6 42. Qd3 Ra8 43. Nxg6 fxg6 44. h4 Ra2 45. h5 Kg8 46. Qb3 Rxg2+ 47. Kxg2 gxh5 48. Qxe6+ Kh7 49. Qf5+ Kg8 50. e6 Kh8 51. Qf7 Kh7 52. e7 h4 53. e8=Q h3+ 54. Kh2 h5 55. Qg6# 1-0


[Site "https://www.chess.com"]

[Event "Titled Tuesday Blitz February 15 Late 2022"]
[White "Paravyan, David"]
[Black "Musovic, Armin"]
[WhiteFideId "4194985"]
[BlackFideId "939935"]
[WhiteElo "2569"]
[BlackElo "2250"]
[Result "1-0"]
[Round "01"]
[TimeControl "180+1"]
[Date "2022.02.15"]
[WhiteClock "0:01:00"]
[BlackClock "0:00:13"]

1. e4 c6 2. d4 d5 3. e5 c5 4. Nf3 Nc6 5. dxc5 Bg4 6. Be3 e6 7. c3 Nge7 8. Qa4 Bxf3 9. gxf3 a6 10. f4 Nf5 11. b4 Nxe3 12. fxe3 Qh4+ 13. Kd2 Qf2+ 14. Be2 Be7 15. Na3 O-O 16. Nc2 Rad8 17. Nd4 f6 18. Nxc6 bxc6 19. Qxc6 d4 20. cxd4 Kh8 21. Raf1 Qh4 22. Qxe6 fxe5 23. fxe5 Bg5 24. Rxf8+ Rxf8 25. Qg4 Qh6 26. Qe4 Rd8 27. Bd3 g6 28. h4 Be7 29. Kc3 Qg7 30. h5 g5 31. h6 Qf7 32. Rf1 Qg8 33. Bc4 Qg6 34. Qxg6 hxg6 35. Rf7 Bf8 36. e6 Bxh6 37. d5 Bg7+ 38. Kb3 Re8 39. d6 g4 40. e7 g3 41. d7 Rg8 42. Rf1 g2 43. Rg1 Be5 44. Rxg2 Kg7 1-0


[Site "https://www.chess.com"]

[Event "Titled Tuesday Blitz February 15 Late 2022"]
[White "Petersson, Kjell"]
[Black "Tregubov, Pavel V."]
[WhiteFideId "1705148"]
[BlackFideId "4115341"]
[WhiteElo "2009"]
[BlackElo "2341"]
[Result "0-1"]
[Round "01"]
[TimeControl "180+1"]
[Date "2022.02.16"]
[WhiteClock "0:00:16"]
[BlackClock "0:01:38"]

1. d4 Nf6 2. Bf4 d5 3. e3 c5 4. c3 Nc6 5. Nd2 cxd4 6. exd4 Bf5 7. Qb3 Qc8 8. Ngf3 e6 9. Ne5 Be7 10. Bb5 O-O 11. O-O a6 12. Be2 Nxe5 13. Bxe5 Qc6 14. Nf3 Nd7 15. Bg3 Bd6 16. Bxd6 Qxd6 17. Nh4 Be4 18. f3 Bg6 19. Nxg6 hxg6 20. Rad1 b5 21. a3 Nb6 22. Qb4 Qf4 23. b3 Rfc8 24. Qa5 Nd7 25. Rd3 Rc6 26. Qb4 Rac8 27. g3 Qc7 28. Rc1 Qb6 29. Kg2 a5 30. Qe7 Nf6 31. a4 b4 32. c4 R6c7 33. c5 Rxe7 34. cxb6 Rxc1 35. Rd2 Rb7 36. Bb5 0-1


[Site "https://www.chess.com"]

[Event "Titled Tuesday Blitz February 15 Late 2022"]
[White "Petrosyan, Manuel"]
[Black "Baches Garcia, Guillermo"]
[WhiteFideId "13300857"]
[BlackFideId "2209764"]
[WhiteElo "2838"]
[BlackElo "2457"]
[Result "1-0"]
[Round "01"]
[TimeControl "180+1"]
[Date "2022.02.16"]
[WhiteClock "0:00:50"]
[BlackClock "0:00:11"]

1. e4 c5 2. Nf3 d6 3. d4 cxd4 4. Nxd4 Nf6 5. Nc3 Nc6 6. Bc4 Bd7 7. f3 Nxd4 8. Qxd4 g6 9. Be3 Bg7 10. Qd2 O-O 11. h4 Qa5 12. Bb3 h5 13. O-O-O Rac8 14. Bd4 b5 15. Kb1 b4 16. Nd5 Nxd5 17. Bxg7 Kxg7 18. exd5 Qc5 19. Rhe1 Rfe8 20. Qd4+ Qxd4 21. Rxd4 a5 22. Bc4 Rc5 23. b3 a4 24. bxa4 Bxa4 25. Bb3 Bxb3 26. axb3 Kf6 27. Re2 Ra8 28. Rf4+ Kg7 29. Rxe7 Rxd5 30. Rfxf7+ Kg8 31. Rg7+ Kh8 32. Rh7+ Kg8 33. Reg7+ Kf8 34. Rb7 Kg8 35. Rhg7+ Kh8 36. Rxg6 Rd1+ 37. Kb2 Rda1 38. Rxb4 R8a2+ 39. Kc3 Rc1 40. Rb8+ Kh7 41. Rxd6 Rcxc2+ 42. Kb4 Ra7 43. Rdd8 Rxg2 44. Rh8+ Kg7 45. Rbg8+ 1-0


[Site "https://www.chess.com"]

[Event "Titled Tuesday Blitz February 15 Late 2022"]
[White "Petrovic, Aleksa"]
[Black "Ibarra Jerez, Jose Carlos"]
[WhiteFideId "967629"]
[BlackFideId "2226332"]
[WhiteElo "2139"]
[BlackElo "2626"]
[Result "0-1"]
[Round "01"]
[TimeControl "180+1"]
[Date "2022.02.15"]
[WhiteClock "0:00:58"]
[BlackClock "0:01:41"]

1. d4 d5 2. Nf3 Nf6 3. c4 e6 4. Nc3 Bb4 5. Bg5 h6 6. Bxf6 Qxf6 7. e3 O-O 8. Rc1 c6 9. a3 Bd6 10. e4 Bf4 11. e5 Qe7 12. Rc2 h5 13. g3 Bh6 14. cxd5 exd5 15. Bd3 Bh3 16. Nh4 g6 17. Bf1 Be6 18. f4 c5 19. Bg2 cxd4 20. Qxd4 Nc6 21. Qf2 d4 22. Ne4 Rad8 23. O-O Nxe5 24. Re2 Ng4 25. f5 Nxf2 0-1


[Site "https://www.chess.com"]

[Event "Titled Tuesday Blitz February 15 Late 2022"]
[White "Pinheiro, Iung Alicio de O."]
[Black "Kujawski, Adam"]
[WhiteFideId "2104350"]
[BlackFideId "1100920"]
[WhiteElo "2653"]
[BlackElo "2053"]
[Result "0-1"]
[Round "01"]
[TimeControl "180+1"]
[Date "2022.02.16"]
[WhiteClock "0:00:26"]
[BlackClock "0:00:19"]

1. e4 e5 2. Nf3 Nc6 3. Bc4 Nf6 4. d3 d5 5. exd5 Nxd5 6. O-O Nb6 7. Bb5 Bd6 8. Re1 f6 9. Nbd2 Bd7 10. d4 O-O 11. dxe5 Nxe5 12. Bxd7 Qxd7 13. Ne4 Nxf3+ 14. Qxf3 Be5 15. c3 Qc6 16. Bf4 Bxf4 17. Qxf4 Nc4 18. Re2 Ne5 19. Ng3 Ng6 20. Qb4 Rfe8 21. h3 Rxe2 22. Nxe2 Re8 23. Nd4 Qd5 24. Qb3 Qxb3 25. axb3 a6 26. b4 c6 27. Kf1 Nf4 28. Rd1 Rd8 29. Rd2 Kf7 30. h4 Ng6 31. g3 Ne5 32. Nb3 Rxd2 33. Nxd2 Nd3 34. b3 Nc1 35. Ne4 Nxb3 36. Nd6+ Ke6 37. Nxb7 Kd5 38. Ke2 Kc4 39. Nd6+ Kxc3 40. Ne8 Kxb4 41. Nxg7 a5 42. Kd3 a4 43. Kc2 a3 44. Nf5 a2 0-1


[Site "https://www.chess.com"]